 Dungeon Crawl Stone Soup version 0.25.1-8-g42b30a86e7 (webtiles) character file.

Game seed: 17325748301332235905

0 hehateme the Caller (level 1, -2/13 HPs)
             Began as a Gnoll Summoner on Dec 13, 2020.
             Slain by a hobgoblin
             ... wielding a +0 club
              (4 damage)
             ... on level 1 of the Dungeon.
             The game lasted 00:02:16 (77 turns).

hehateme the Caller (Gnoll Summoner)                  Turns: 77, Time: 00:02:16

Health: -2/13      AC:  2    Str: 10    XL:     1   Next: 10%
Magic:  5/6        EV: 14    Int: 17    God:
Gold:   0          SH:  0    Dex: 15    Spells: 8/9 levels left

rFire    . . .     SeeInvis .   (no weapon)
rCold    . . .     Gourm    .   (no shield)
rNeg     . . .     Faith    .   a - +0 robe
rPois    .         Spirit   .   (no helmet)
rElec    .         Reflect  .   (no cloak)
rCorr    .         Harm     .   (no gloves)
MR       .....                  (no boots)
Stlth    +++.......             (no amulet)
HPRegen  0.04/turn              (no ring)
MPRegen  0.10/turn              (no ring)

@: no status effects
A: distributed training, fangs 1, strong nose
a: no special abilities


You were on level 1 of the Dungeon.
You were not hungry.

You visited 1 branch of the dungeon, and saw 1 of its levels.

Inventory:

Armour
 a - a +0 robe (worn)
Scrolls
 b - a scroll of amnesia {unknown}
 c - a scroll of identify {unknown}
 d - a scroll of fog {unknown}
Potions
 f - a potion of heal wounds {unknown}
Comestibles
 e - 2 rations


   Skills:
 + Level 0.0 Fighting
 + Level 0.0 Short Blades
 + Level 0.0 Long Blades
 + Level 0.0 Axes
 + Level 0.0 Maces & Flails
 + Level 0.0 Polearms
 + Level 0.0 Staves
 + Level 0.0 Slings
 + Level 0.0 Bows
 + Level 0.0 Crossbows
 + Level 0.0 Throwing
 + Level 0.0 Armour
 + Level 4.4 Dodging
 + Level 4.0 Stealth
 + Level 0.0 Shields
 + Level 0.0 Unarmed Combat
 + Level 4.8 Spellcasting
 + Level 0.0 Conjurations
 + Level 0.0 Hexes
 + Level 0.0 Charms
 + Level 7.0 Summonings
 + Level 0.0 Necromancy
 + Level 0.0 Translocations
 + Level 0.0 Transmutations
 + Level 0.0 Fire Magic
 + Level 0.0 Ice Magic
 + Level 0.0 Air Magic
 + Level 0.0 Earth Magic
 + Level 0.0 Poison Magic
 + Level 0.0 Invocations
 + Level 0.0 Evocations


You had 8 spell levels left.
You knew the following spells:

 Your Spells              Type           Power        Failure   Level  Hunger
a - Summon Small Mammal   Summ           ####         1%          1    None

Your spell library contained the following spells:

 Spells                   Type           Power        Failure   Level  Hunger
 Call Imp                 Summ           ####....     1%          2    #......
 Call Canine Familiar     Summ           ####....     2%          3    ###....
 Summon Guardian Golem    Hex/Summ       ###.....     11%         3    ###....
 Summon Ice Beast         Ice/Summ       ###.....     34%         4    ####...
 Summon Lightning Spire   Summ/Air       ###.....     34%         4    ####...


Dungeon Overview and Level Annotations

Branches:
Dungeon (1/15)

Altars:


Innate Abilities, Weirdness & Mutations

Your experience applies equally to all skills.
You have very sharp teeth.
Your uncanny sense of smell can sniff out nearby items.


Message History

The hobgoblin is lightly wounded.
The hobgoblin hits you with a +0 club.
Your quokka bites the hobgoblin.
You hit the hobgoblin but do no damage.
The hobgoblin is moderately wounded.
Your quokka barely misses the hobgoblin.
The hobgoblin closely misses you.
You barely miss the hobgoblin.
The hobgoblin is moderately wounded.
Your quokka closely misses the hobgoblin.
The hobgoblin closely misses you. The dart slug bites you.
Your quokka closely misses the hobgoblin.
You hit the hobgoblin but do no damage.
The hobgoblin is lightly wounded.
The hobgoblin hits you with a +0 club.
* * * LOW HITPOINT WARNING * * *
The dart slug misses you.
Your quokka misses the hobgoblin.
You swap places.
Your quokka barely misses the hobgoblin.
The hobgoblin hits you with a +0 club.
You die...

###......P....#
##........♣....#
.....#.P.♣♣P...##
#.#.#.....♣♣♣.P..#
....#..P.♣♣♣♣P♣♣P#
..#....P♣♣♣P♣PP.#
#........P.P..##
....##....P♣....#
..## ##...w♣@.#.#
. ##.#Prg...#
#.#####..# #w# .#♣
#.# ♣ #.# ∆ ..


You could see a hobgoblin and a friendly quokka (summoned).

Vanquished Creatures (collateral kills)
  A kobold (D:1)
1 creature vanquished.

Notes
Turn   | Place    | Note
-------+----------+-------------------------------------------
     0 | D:1      | hehateme the Gnoll Summoner began the quest for the Orb.
     0 | D:1      | Reached XP level 1. HP: 13/13 MP: 6/6
     0 | D:1      | hehateme: ??rc ultraviolent4
     0 | D:1      | beem: I don't have a page labeled rc_ultraviolent4 in my
                  | learndb.
     0 | D:1      | hehateme: ??rc
     0 | D:1      | beem: rc[1/1]: Resist cold (see {resistance}), scroll of
                  | {remove curse}, or crawl.rc {rcfile}, the configuration
                  | file.
     0 | D:1      | hehateme: &&rc
     0 | D:1      | hehateme: &&rc ultraviolent4
    77 | D:1      | Slain by a hobgoblin

Illustrated notes

Levels and vault maps discovered:
D:1:      nzn_arrival_depleted_hourglass, layout_rooms, serial_forest,
          infiniplex_forest_clump_C, infiniplex_forest_clump_small,
          infiniplex_forest_straight_2, infiniplex_forest_lined_ring,
          infiniplex_forest_clump_cross, infiniplex_forest_end_3,
          minmay_misc_feat_diagonals, okawaru_ov_weapons_minmay

Action                   || total
-------------------------++-------
Melee: Unarmed           ||     7
 Cast: Summon Small Mamm ||     3
Dodge: Dodged            ||     4
